 Dungeon Crawl Stone Soup version 0.30-b1-2-g02819fbbbe (webtiles) character file.

Game seed: 756752892452053273

123 Flugkiller the Sneak (level 4, -6/33 HPs)
             Began as a Vampire Warper on May 17, 2023.
             Mangled by a sleepcap (8 damage)
             ... on level 3 of the Dungeon.
             The game lasted 00:02:39 (1840 turns).

Flugkiller the Sneak (Vampire Warper)               Turns: 1840, Time: 00:02:40

Health: -6/33      AC:  5    Str: 10    XL:     4   Next: 80%
Magic:  7/7        EV:  2    Int: 17    God:
Gold:   64         SH:  0    Dex: 13    Spells: 5/7 levels left

rFire   . . .        a - +0 short sword
rCold   . . .        (no shield)
rNeg    . . .        b - +0 leather armour
rPois   .            (no helmet)
rElec   .            (no cloak)
rCorr   .            n - +0 pair of gloves
SInv    +            l - +0 pair of boots
Will    .....        (no amulet)
Stlth   +++          (no ring)
HPRegen 0.45/turn    (no ring)
MPRegen 0.10/turn

%: no passive effects
@: sleeping, healing quickly
A: alive, fangs 3, see invisible, vampiric 2
a: Exsanguinate


You were on level 3 of the Dungeon.
You visited 1 branch of the dungeon, and saw 3 of its levels.

You collected 109 gold pieces.
You spent 45 gold pieces at shops.

Inventory:

Hand Weapons
 a - a +0 short sword (weapon)
Missiles
 d - 7 boomerangs of dispersal (quivered)
Armour
 b - a +0 leather armour (worn)
 l - a +0 pair of boots (worn)
   (You bought it in a shop on level 2 of the Dungeon)
 n - a +0 pair of gloves (worn)
   (You found it on level 3 of the Dungeon)
Magical Staves
 c - a staff of cold
   (You found it on level 1 of the Dungeon)
Scrolls
 h - a scroll of summoning
 z - 2 scrolls of blinking
Potions
 g - a potion of ambrosia
 i - a potion of lignification
 j - a potion of invisibility {unknown}
 k - a potion of curing {unknown}
 m - a potion of flight {unknown}
 o - a potion of cancellation {unknown}
 p - a potion of heal wounds {unknown}


   Skills:
 + Level 2.0 Fighting
 + Level 4.0 Short Blades
 - Level 0.7 Throwing
 - Level 0.7 Armour
 - Level 2.1 Dodging
 - Level 5.0 Stealth
 - Level 2.0 Spellcasting
 + Level 2.4 Translocations


You had 5 spell levels left.
You knew the following spells:

 Your Spells              Type           Power      Damage    Failure   Level
r - Blink                 Tloc           18%        N/A       16%         2

Your spell library contained the following spells:

 Spells                   Type           Power      Damage    Failure   Level
 Lesser Beckoning         Tloc           18%        N/A       16%         2
 Teleport Other           Tloc           9%         N/A       30%         3
 Vhi's Electric Charge    Tloc/Air       10%        N/A       43%         3
 Manifold Assault         Tloc           9%         N/A       69%         4
 Animate Dead             Necr           1%         N/A       95%         4
 Haunt                    Necr/Summ      0%         N/A       100%        7
 Infestation              Necr           0%         N/A       100%        8


Dungeon Overview and Level Annotations

Branches:
Dungeon (3/15) Zot: 16195

Altars:
Vehumet

Shops:
D:2 [


Innate Abilities, Weirdness & Mutations

Your natural rate of healing is accelerated.
You have razor-sharp teeth.
You have supernaturally acute eyesight. (SInv)
You are afflicted with vampirism and can become a bat while bloodless.


Message History

No target in view!
No target in view!
No target in view!
No target in view!
No target in view!
No target in view!
Memorise Blink, consuming 2 spell levels and leaving 5?
You start memorising the spell.
You continue memorising. x2
You finish memorising.
Spell assigned to 'r'.
You open the door.
There is an open door here.
Found 7 stones.
You see here 7 stones.
You open the door.
There is an open door here.
Things that are here:
a +0 short sword; a +0 club; a kobold skeleton
Items here: ))))) [[ รทรท.
A sleepcap is nearby!
A sleepcap is nearby!
The sleepcap releases spores at you.
You are engulfed in a cloud of soporific spores!
You fall asleep.
The sleepcap releases spores at you!
You wake up.
You hit the sleepcap but do no damage. The sleepcap barely misses you.
You hit the sleepcap.
The sleepcap is lightly damaged.
The sleepcap releases spores at you.
You are engulfed in a cloud of soporific spores!
You are unaffected.
You are too injured to fight recklessly!
You are too injured to fight recklessly!
You are too injured to fight recklessly!
You are too injured to fight recklessly!
You are too injured to fight recklessly!
You are too injured to fight recklessly!
You hit the sleepcap.
You bite the sleepcap, but do no damage.
The sleepcap is lightly damaged.
The sleepcap releases spores at you but does no damage.
You hit the sleepcap.
The sleepcap is moderately damaged.
The sleepcap releases spores at you but does no damage.
You hit the sleepcap but do no damage.
The sleepcap is moderately damaged.
You hit the sleepcap.
The sleepcap is heavily damaged.
The sleepcap misses you.
You hit the sleepcap.
The sleepcap is heavily damaged.
The sleepcap barely misses you.
You hit the sleepcap but do no damage.
The sleepcap is heavily damaged.
The sleepcap barely misses you.
You hit the sleepcap but do no damage.
The sleepcap is heavily damaged.
The sleepcap barely misses you.
You hit the sleepcap but do no damage.
You punch the sleepcap, but do no damage.
You bite the sleepcap.
The sleepcap is severely damaged.
You hit the sleepcap.
The sleepcap is severely damaged.
The sleepcap releases spores at you but does no damage.
You hit the sleepcap but do no damage.
The sleepcap is severely damaged.
The sleepcap releases spores at you.
You are engulfed in a cloud of soporific spores!
You fall asleep.
The sleepcap releases spores at you!
You wake up.
Ouch! That really hurt!
* * * LOW HITPOINT WARNING * * *
You hit the sleepcap.
You punch the sleepcap, but do no damage.
The sleepcap is almost destroyed.
The sleepcap closely misses you.
You hit the sleepcap but do no damage.
The sleepcap is almost destroyed.
The sleepcap closely misses you.
Unknown command.
You hit the sleepcap but do no damage.
The sleepcap is almost destroyed.
You hit the sleepcap but do no damage. You bite the sleepcap.
The sleepcap is almost destroyed.
The sleepcap releases spores at you.
* * * LOW HITPOINT WARNING * * *
Unknown command.
You hit the sleepcap but do no damage.
The sleepcap is almost destroyed.
The sleepcap closely misses you. The sleepcap attacks as you move away!
The sleepcap completely misses you.
You hit the sleepcap but do no damage.
You bite the sleepcap, but do no damage.
The sleepcap is almost destroyed.
The sleepcap releases spores at you.
* * * LOW HITPOINT WARNING * * *
You are engulfed in a cloud of soporific spores!
You fall asleep.
The sleepcap releases spores at you!
You die...

##.....#............###.....#...#
..#..........###........ ...#.#.#
....####.....# #.#####.. ..#.#..
..### #.....# #.# #.. .. ...#..
..# #.....###.# #.# .. #.##.# ..#
##.###....###.####.##.##.# .####
#.#...####........#.....# ....#
#...######...............
....#####.#.....@f...............
.....)..).....###........>.......
....########.....................
....# ######.....................
#.#####..........#...............
#.####..##.......#...............
.....#...........##..............
........####.....###.....#......#
...#.......................######


You could see a sleepcap.

Vanquished Creatures
  2 orc wizards (D:3)
  2 adders
  2 worms
  3 orcs (D:3)
  6 ball pythons
  A bat (D:3)
  6 endoplasms
  A giant cockroach (D:1)
  A goblin (D:1)
  4 hobgoblins
  4 jackals (D:1)
  7 kobolds
  5 frilled lizards
  3 rats
47 creatures vanquished.

Notes
Turn   | Place    | Note
-------+----------+-------------------------------------------
     0 | D:1      | Flugkiller the Vampire Warper began the quest for the Orb.
     0 | D:1      | Reached XP level 1. HP: 16/16 MP: 3/3
   162 | D:1      | Reached XP level 2. HP: 22/22 MP: 5/5
   504 | D:2      | Found a radiant altar of Vehumet.
   631 | D:2      | Found Bomuh's Armour Shoppe.
   676 | D:2      | Gained mutation: You are afflicted with vampirism and can
                  | become a bat while bloodless. [Vampire growth]
   676 | D:2      | Reached XP level 3. HP: 10/27 MP: 6/6
  1213 | D:2      | Reached skill level 1 in Stealth
  1230 | D:2      | Bought a +0 pair of boots for 45 gold pieces
  1476 | D:3      | Reached skill level 2 in Stealth
  1571 | D:3      | Reached skill level 3 in Stealth
  1571 | D:3      | Reached XP level 4. HP: 33/33 MP: 7/7
  1583 | D:3      | Reached skill level 4 in Stealth
  1666 | D:3      | Reached skill level 5 in Stealth
  1731 | D:3      | Learned a level 2 spell: Blink
  1839 | D:3      | HP: 1/33 [sleepcap (3)]
  1840 | D:3      | Mangled by a sleepcap

Illustrated notes

Levels and vault maps discovered:
D:1:      minmay_arrival_doors, layout_rooms
D:2:      layout_basic, serial_shops, nicolae_shop_advertising_works
          [nicolae_subvault_shop_adworks], basic_altar
D:3:      layout_rooms, grunt_ministairs_15, minmay_cut_off

Skill      XL: |  1  2  3  4 |
---------------+-------------+-----
Short Blades   | 3 4 |  4.0
Fighting       | 2 |  2.0
Stealth        | 3 5 |  5.0
Throwing       | |  0.7
Armour         | |  0.7
Dodging        | |  2.1
Spellcasting   | |  2.0
Translocations | |  2.4

Action                     |  1- 3 |  4- 6 || total
---------------------------+-------+-------++-------
  Melee: Short sword       |   135 |    49 ||   184
         Bite              |    17 |    10 ||    27
         Punch             |     2 |     3 ||     5
         Unarmed           |     5 |     9 ||    14
    Use: Potion            |     2 |       ||     2
         Scroll            |       |     3 ||     3
   Stab: Sleeping          |     3 |       ||     3
 Armour: Leather armour    |    29 |    10 ||    39
         Skin              |     5 |     7 ||    12
  Dodge: Dodged            |    66 |    27 ||    93
